 Dungeon Crawl Stone Soup version 0.32-a0-673-g3729bd50f8 (webtiles) character file.

Game seed: 17498486293848669672

3684 brae the Martial Artist (level 9, -4/61 HPs)
             Began as a Demonspawn Monk on Mar 10, 2024.
             Was an Elder of Hepliaklqana.
             Slain by an orc knight
             ... wielding a +0 halberd
              (6 damage)
             ... in a bailey.
             The game lasted 00:18:11 (6561 turns).

brae the Martial Artist (Demonspawn Monk)           Turns: 6561, Time: 00:18:12

Health: -4/61      AC: 17    Str: 15    XL:     9   Next: 90%
Magic:  9/9        EV:  9    Int: 13    God:    Hepliaklqana [****..]
Gold:   289        SH:  4    Dex: 16    Spells: 8/8 levels left

rFire   . .          .
                       - Unarmed
rCold   . . .        c - orb {light}
rNeg    . . .        w - +0 chain mail
rPois   +            (no helmet)
rElec   .            (no cloak)
rCorr   +            f - +0 pair of gloves
SInv    .            a - +4 pair of boots "Diaqen" {Will+ rCorr Int+2}
Will    +....        (no amulet) Stlth
                     n - ring of poison resistance
HPRegen 0.30/turn    x - ring of flight
MPRegen 0.11/turn

%: no passive effects
@: on berserk cooldown, flying, slowed, glowing, very slow
A: reduced essence, hooves 2, slimy green scales 1, spiny 1, condensation shield
a: Renounce Religion, Recall Ancestor, Ancestor Identity, Transference, Idealise


You were in a bailey.
You worshipped Hepliaklqana.
Hepliaklqana was greatly pleased with you.
You visited 2 branches of the dungeon, and saw 9 of its levels.
You also visited: Bailey.

You collected 289 gold pieces.

Inventory:

Hand Weapons
 e - a +3 war axe of electrocution
Missiles
 i - 2 throwing nets (quivered)
 p - 8 boomerangs
Armour
 a - the +4 pair of boots "Diaqen" (worn) {Will+ rCorr Int+2}
   (You found it on level 6 of the Dungeon)

   Int+2:     It affects your intelligence (+2).
   Will+:     It increases your willpower.
   rCorr:     It protects you from acid and corrosion.
 c - an orb of light (worn)
 f - a +0 pair of gloves (worn)
 q - an orb of guile
 w - a +0 chain mail (worn)
Jewellery
 j - a ring of magical power
 n - a ring of poison resistance (left hand)
 x - a ring of flight (right hand)
 E - a ring of see invisible
Talismans
 g - a flux talisman
Wands
 r - a wand of charming (17)
 v - a wand of mindburst (17)
 z - a wand of warping (1)
 B - a wand of digging (6)
 C - a wand of polymorph (6)
 F - a wand of flame (15)
Scrolls
 d - 2 scrolls of blinking
 y - a scroll of identify
 A - 3 scrolls of fear
Potions
 b - a potion of ambrosia
 h - a potion of magic
 k - a potion of heal wounds {unknown}
 l - 2 potions of degeneration {unknown}
 m - 2 potions of might {unknown}
 o - 3 potions of lignification {unknown}
 s - 2 potions of berserk rage
 t - 2 potions of attraction {unknown}
 u - 4 potions of curing {unknown}
 D - a potion of enlightenment {unknown}


   Skills:
 * Level 5.4 Fighting
 + Level 3.4 Armour
 * Level 5.1 Dodging
 + Level 11.2 Unarmed Combat


You had 8 spell levels left.
You didn't know any spells.
Your spell library contained the following spells:

 Spells                   Type           Power      Damage    Failure   Level
 Slow                     Hex            0%         N/A       99%         1
 Sting                    Conj/Alch      0%         1d3       99%         1
 Call Imp                 Summ           0%         N/A       99%         2
 Ensorcelled Hibernation  Hex/Ice        0%         N/A       99%         2
 Mercury Vapours          Alch/Air       0%         N/A       99%         2
 Sublimation of Blood     Necr           0%         N/A       99%         2
 Confusing Touch          Hex            0%         N/A       100%        3
 Dazzling Flash           Conj/Hex       0%         N/A       100%        3
 Gell's Gravitas          Tloc           0%         N/A       100%        3
 Inner Flame              Hex/Fire       0%         N/A       100%        3
 Passwall                 Erth           0%         N/A       100%        3
 Sigil of Binding         Hex            0%         N/A       100%        3
 Swiftness                Air            0%         N/A       100%        3
 Teleport Other           Tloc           0%         N/A       100%        3
 Vampiric Draining        Necr           0%         2d6       100%        3
 Volatile Blastmotes      Fire/Tloc      0%         2d10      100%        3
 Flame Wave               Conj/Fire      0%         2d4       100%        4
 Olgreb's Toxic Radiance  Alch           0%         N/A       100%        4
 Sticky Flame             Fire/Alch      0%         2d4       100%        4
 Dispersal                Tloc           0%         N/A       100%        6
 Starburst                Conj/Fire      0%         6d3       100%        6
 Summon Hydra             Summ           0%         N/A       100%        7
 Maxwell's Capacitive Co  Air            0%         ∞         100%        8
 Chain Lightning          Conj/Air       0%         N/A       100%        9
 Fire Storm               Conj/Fire      0%         5d1       100%        9
 Shatter                  Erth           0%         3d5*      100%        9


Dungeon Overview and Level Annotations

Branches:
Dungeon (8/15)             Temple (1/1) D:4          Bailey (1/1)
   Lair: D:8-11

Altars:
Ashenzari
Cheibriados
Dithmenos
Fedhas
Gozag
Hepliaklqana
Kikubaaqudgha
Makhleb
Okawaru
Qazlal
Ru
Sif Muna
Trog
Uskayaw
Vehumet
Wu Jian
Xom
Yredelemnul


Innate Abilities, Weirdness & Mutations

Your life essence is reduced to manifest your ancestor. (-10% HP)
You have hoof-like feet.
You are partially covered in slimy green scales. (AC +2)
You are partially covered in sharp spines.
A meltable shield of frost defends you. (SH +4)


Message History

You feel yourself moving faster!
You feel mighty!
An orc comes into view. It is wielding a +0 trident.
You feel a strong urge to attack something.
The orc knight closely misses you.
You feel your anger nearly subside.
The orc knight hits you with a +0 halberd.
You punch the orc knight!
The orc knight is lightly wounded.
You punch the orc knight!
The orc knight is moderately wounded.
An orc warrior comes into view. It is wielding a +0 trident.
The orc hits you from afar with a +0 trident.
The orc knight hits you with a +0 halberd.
You barely miss the orc knight.
The orc knight is moderately wounded.
You punch the orc knight!
The orc knight is heavily wounded.
The orc hits you but does no damage.
The orc knight is struck by your spines.
The orc knight hits you with a +0 halberd.
You punch the orc knight!
The orc knight is severely wounded.
You are no longer berserk.
You are exhausted.
You feel yourself slow down.
You barely miss the orc knight.
The orc knight is severely wounded.
The orc hits you but does no damage.
The orc hits you from afar with a +0 trident.
You hit the orc knight but do no damage.
The orc knight is severely wounded.
The orc knight hits you with a +0 halberd!!
* * * LOW HITPOINT WARNING * * *
The orc barely misses you.
You hit the orc knight.
The orc knight is severely wounded.
The orc knight hits you but does no damage.
The orc knight hits you with a +0 halberd.
You die...
Hepliaklqana delivers you to your ancestors.

.. ≈ ##.♣..≈≈≈≈♣..#
.####
###.....≈≈≈≈...#.....
♣♣♣....♣..≈≈≈≈.♣.##..o
♣♣.........≈ ≈....#..#
♣.........######...#.ß#
♣..∩...............#..#
♣...........)o....))..#
♣............@)oo..'..#
♣..∩........)......#..#
♣.........######...#.ß#
♣♣......♣..≈≈≈≈...)#..#
♣♣♣...♣♣..≈≈≈≈...##...
###.....≈≈≈≈...#.....
####..≈≈≈≈≈..#$.####
#...≈≈≈≈..####
#♣..≈≈≈≈≈..♣


You could see an orc knight, an orc warrior and an orc (strong).

Vanquished Creatures
  Joseph (D:7)
  4 water moccasins
  An ice beast (D:7)
  An ogre (D:4)
  4 orc warriors (Bailey)
  2 centaurs
  A phantom (D:7)
  A scorpion (D:4)
  3 wights (D:7)
  A killer bee (D:8)
  2 howler monkeys
  A bombardier beetle (D:5)
  2 jellies
  2 orc priests
  2 hounds
  Ijyb (D:5)
  2 iguanas (D:5)
  2 orc wizards
  10 adders
  4 gnolls
  2 ufetubi (D:7)
  5 dart slugs
  22 orcs
  10 ball pythons
  6 bats
  6 endoplasms
  A giant cockroach (D:2)
  12 goblins
  6 hobgoblins
  4 jackals (D:1)
  12 kobolds
  3 quokkas
  3 frilled lizards
  A rat (D:1)
140 creatures vanquished.

Vanquished Creatures (collateral kills)
  Jeremiah (D:7)
  An ice beast (D:7)
  2 ogres (D:5)
  A centaur (D:7)
  A kobold brigand (D:7)
  Blork the orc (D:6)
  A bullfrog (D:7)
  A scorpion (D:7)
  A wight (D:7)
  2 killer bees (D:8)
  A howler monkey (D:7)
  A jelly (D:7)
  3 iguanas
  A gnoll (D:4)
  2 adders (D:4)
  A white imp (D:6)
  A dart slug (D:4)
  7 orcs
  2 kobolds (D:7)
31 creatures vanquished.

Vanquished Creatures (others)
  3 hexers
  An orc (D:7)
4 creatures vanquished.

Grand Total: 175 creatures vanquished

Notes
Turn   | Place    | Note
-------+----------+-------------------------------------------
     0 | D:1      | brae the Demonspawn Monk began the quest for the Orb.
     0 | D:1      | Reached XP level 1. HP: 18/18 MP: 1/1
    57 | D:1      | Reached skill level 3 in Unarmed Combat
    65 | D:1      | Gained mutation: You are partially covered in slimy green
                  | scales. (AC +2) [demonic ancestry]
    65 | D:1      | Reached XP level 2. HP: 13/24 MP: 2/2
   294 | D:1      | Gained mutation: You have large cloven feet. [demonic
                  | ancestry]
   294 | D:1      | Reached XP level 3. HP: 26/29 MP: 3/3
   477 | D:1      | Reached skill level 4 in Unarmed Combat
   747 | D:2      | Reached XP level 4. HP: 35/35 MP: 4/4
   834 | D:2      | Found an opulent altar of Gozag.
  1482 | D:3      | Reached skill level 5 in Unarmed Combat
  1522 | D:3      | Found a broken altar of Ashenzari.
  1622 | D:3      | Found a hazy altar of Hepliaklqana.
  1626 | D:3      | Became a worshipper of Hepliaklqana the Forgotten
  1626 | D:3      | Reached * piety under Hepliaklqana
  1626 | D:3      | Reached ** piety under Hepliaklqana
  1627 | D:3      | Remembered your ancestor Brienne as a hexer
  1651 | D:3      | Found a shadowy altar of Dithmenos.
  1662 | D:3      | Found a shimmering altar of Xom.
  1755 | D:3      | Found a hide-covered altar of Uskayaw.
  1925 | D:3      | Found a sacrificial altar of Ru.
  2080 | D:4      | Gained mutation: You are partially covered in sharp spines.
                  | [demonic ancestry]
  2080 | D:4      | Reached XP level 5. HP: 36/36 MP: 5/5
  2174 | D:4      | Found a snail-covered altar of Cheibriados.
  2401 | D:4      | Noticed an ogre
  2410 | D:4      | Killed an ogre
  2411 | D:4      | Reached skill level 6 in Unarmed Combat
  2411 | D:4      | Reached XP level 6. HP: 16/42 MP: 6/6
  3137 | D:4      | Found a staircase to the Ecumenical Temple.
  3143 | Temple   | Entered the Ecumenical Temple
  3156 | D:5      | Entered Level 5 of the Dungeon
  3181 | D:5      | Reached skill level 7 in Unarmed Combat
  3216 | D:5      | Reached *** piety under Hepliaklqana
  3355 | D:5      | Gained mutation: A meltable shield of frost defends you.
                  | (SH +4) [demonic ancestry]
  3355 | D:5      | Reached XP level 7. HP: 46/46 MP: 7/7
  3393 | D:5      | Noticed Ijyb
  3403 | D:5      | Killed Ijyb
  3638 | D:5      | Reached skill level 8 in Unarmed Combat
  4211 | D:6      | Reached XP level 8. HP: 48/52 MP: 8/8
  4320 | D:6      | Identified the +4 pair of boots "Diaqen" {Will+ rCorr
                  | Int+2}
  4325 | D:6      | Reached skill level 9 in Unarmed Combat
  4341 | D:6      | Noticed Blork the orc
  4347 | D:6      | Killed Blork the orc
  4818 | D:6      | Found a burning altar of Makhleb.
  5187 | D:7      | Reached skill level 1 in Armour
  5281 | D:7      | Reached skill level 10 in Unarmed Combat
  5344 | D:7      | Gained mutation: You have hoof-like feet. [demonic
                  | ancestry]
  5344 | D:7      | Reached XP level 9. HP: 55/59 MP: 9/9
  5352 | D:7      | Noticed Joseph
  5453 | D:7      | Noticed Jeremiah
  5457 | D:7      | Killed Joseph
  5673 | D:7      | Killed Jeremiah
  5729 | D:7      | Reached **** piety under Hepliaklqana
  5841 | D:7      | Reached skill level 5 in Fighting
  6314 | D:8      | Reached skill level 11 in Unarmed Combat
  6446 | D:8      | Found a flagged portal.
  6474 | Bailey   | Entered a bailey
  6502 | Bailey   | Reached skill level 5 in Dodging
  6534 | Bailey   | Noticed an orc knight
  6560 | Bailey   | HP: 2/61 [orc knight/+0 halberd (18)]
  6561 | Bailey   | Slain by an orc knight

Illustrated notes

Levels and vault maps discovered:
D:1:      nzn_arrival_water_spiral, layout_basic, amcnicky_mini_corridor_feature
D:2:      layout_loops_ring, basic_altar, wander_ebering_terrifying_dragon_lair
D:3:      layout_rooms, mainiacjoe_overflow_tiny_flanked, lemuel_doored_altar,
          nicolae_uskayaw_suspiria, mainiacjoe_overflow_six_doors_small,
          amethyst_overflow_temple_binary, minmay_distorted
D:4:      layout_basic, kennysheep_slug_shrine,
          minmay_temple_entry_enclosed_plants
D:5:      minmay_inner_zag, layout_loops_ring, nicolae_elyvilon_temple_path,
          uniq_ijyb
D:6:      layout_cave_pods, mainiacjoe_overflow_alcove_1, uniq_blork_the_orc
D:7:      layout_basic, uniq_joseph, uniq_jeremiah
D:8:      minmay_skewed_foursquare, layout_loops_ring,
          mainiacjoe_overflow_alcove_2, enter_bailey_5, uniq_maurice
Temple:   nicolae_temple_slightly_damp_pantheon
Bailey:   bailey_polearm_elven_captive_hellmonk, bailey

Skill      XL: |  1  2  3  4  5  6  7  8  9 |
---------------+----------------------------+-----
Unarmed Combat | 3 4 5 6 7 8 10 11 | 11.2
Dodging        | 3 4 5 |  5.1
Armour         | 2 3 |  3.4
Fighting       | 4 5 |  5.4

Action                     |  1- 3 |  4- 6 |  7- 9 || total
---------------------------+-------+-------+-------++-------
  Melee: Unarmed           |   102 |   105 |   179 ||   386
         Kick              |    11 |    35 |    19 ||    65
 Invoke: Ancestor Life: He |       |     1 |       ||     1
         Ancestor Identity |       |     1 |       ||     1
  Evoke: Wand              |       |       |     9 ||     9
    Use: Scroll            |       |     2 |     7 ||     9
         Potion            |       |       |     1 ||     1
   Stab: Confused          |       |     1 |     5 ||     6
         Distracted        |       |       |     2 ||     2
 Armour: Ring mail         |    77 |    36 |       ||   113
         Skin              |     1 |       |       ||     1
         Chain mail        |       |    16 |   129 ||   145
  Dodge: Dodged            |    43 |    37 |    56 ||   136

Table legend: (Time is in decaauts)
 A = Elapsed time spent in this place.
 B = Non-inter-level travel time spent in this place.
 C = Inter-level travel time spent in this place.
 D = Time resting spent in this place.
 E = Time spent auto-exploring this place.
 F = Levels seen in this place.
 G = Mean time per level.
                   A        B        C        D        E       F      G
               +--------+--------+--------+--------+--------+-----+--------+
         Total |   6521 |   6320 |    201 |    669 |   4447 |  10 |  652.1 |
       Dungeon |   6436 |   6235 |    201 |    669 |   4447 |   8 |  804.5 |
        Temple |      1 |      1 |      0 |      0 |      0 |   1 |    1.0 |
        Bailey |     83 |     83 |      0 |      0 |      0 |   1 |   83.0 |
               +--------+--------+--------+--------+--------+-----+--------+

Top non-repeatable levels by time:
     D:6: 1244 daAuts
     D:4: 1002 daAuts
     D:5: 993 daAuts
     D:2: 841 daAuts
     D:7: 791 daAuts
     D:3: 700 daAuts
     D:1: 606 daAuts
     D:8: 257 daAuts
  Bailey: 83 daAuts
  Temple: 1 daAuts
